Map: Nightshade LE

Players

Geralt (Gerald)

  • Race: Protoss Protoss
  • League: Grandmaster
  • Spawn Location: 11:00

Neeblet (Neeb) - Winner!

  • Race: Protoss Protoss
  • Spawn Location: 5:00

Event: StayAtHomestory Cup #1

VOD

Have the link to the VOD?

Description

Time

  • Played on: April 10, 2020, 1:09 p.m.
  • Length: 13:16

All games in this series

Show
View Real Time Build Order
Export as new Build Order

Geralt Protoss 

Build Orders:  

Get SALT Encoding   

  12  0:00  Probe  
  13  0:12  Probe  
  14  0:17  Pylon  
  14  0:25  Probe (Chrono Boost)  
  16  0:36  Gateway  
  16  0:37  Probe (Chrono Boost)  
  16  0:42  Probe (Chrono Boost)  
  16  0:45  Assimilator  
  17  0:52  Probe (Chrono Boost)  
  17  0:54  Assimilator  
  18  1:04  Probe (Chrono Boost)  
  18  1:07  Gateway  
  19  1:13  Probe (Chrono Boost)  
  20  1:18  Probe  
  20  1:23  Cybernetics Core  
  21  1:30  Probe  
  22  1:38  Pylon  
  22  1:42  Probe  
  23  1:57  Gateway  
  23  2:01  Warp Gate (Chrono Boost)  
  24  2:05  Stalker x2  
  24  2:07  Probe  
  28  2:15  Pylon  
  28  2:19  Probe  
  29  2:35  Stalker x2  
  33  2:45  Stalker  
  35  2:53  Pylon  
  35  3:05  Stalker  
  37  3:06  Stalker  
  35  3:17  Probe  
  35  3:23  Shield Battery  
  35  3:45  Stalker x2  
  39  3:48  Stalker  
  39  4:07  Probe  
  40  4:11  Stalker x2  
  40  4:13  Sentry  
  46  4:24  Stargate  
  46  4:25  Probe  
  45  4:42  Pylon  
  45  4:50  Probe  
  46  5:02  Probe, Sentry  
  49  5:11  Nexus  
  49  5:15  Phoenix (Chrono Boost)  
  51  5:22  Probe  
  52  5:32  Robotics Facility  
  52  5:38  Probe  
  52  5:42  Pylon  
  53  5:53  Probe  
  54  6:01  Shield Battery x2  
  54  6:06  Probe  
  55  6:15  Stalker  
  55  6:17  Immortal (Chrono Boost)  
  57  6:23  Sentry  
  63  6:32  Stalker  
  65  6:42  Pylon  
  65  6:52  Immortal  
  69  6:57  Adept  
  69  6:58  Adept  
  69  7:00  Probe  
  74  7:06  Probe  
  73  7:12  Pylon  
  73  7:18  Stalker x2  
  77  7:26  Stalker  
  77  7:29  Probe  
  69  7:45  Warp Prism  
  69  7:46  Probe  
  69  7:49  Assimilator  
  72  7:51  Assimilator  
  70  7:59  Stalker x2  
  70  8:04  Stalker  
  76  8:06  Probe  
  76  8:07  Probe  
  78  8:18  Probe  
  79  8:22  Stalker  
  79  8:23  Sentry  
  79  8:24  Stalker  
  79  8:26  Probe  
  85  8:37  Twilight Council  
  84  8:45  Adept x2  
  84  8:47  Adept  
  84  8:48  Probe  
  65  9:11  Resonating Glaives (Chrono Boost)  
  65  9:15  Gateway  
  65  9:17  Gateway  
  65  9:18  Adept x2, Gateway  
  71  9:31  Adept  
  71  9:34  Shield Battery  
  71  9:42  Gateway  
  71  9:45  Adept x2  
  72  10:02  Adept  
  72  10:07  Adept x2  
  66  10:15  Sentry  
  66  10:16  Sentry x2  
  66  10:18  Immortal (Chrono Boost)  
  77  10:30  Adept x3  
  82  10:36  Probe  
  82  10:38  Probe  
  82  10:40  Adept  
  86  10:48  Probe  
  87  10:53  Observer (Chrono Boost)  
  88  11:02  Adept x3  
  94  11:12  Pylon  
  94  11:14  Pylon  
  94  11:27  Pylon  
  94  11:30  Robotics Bay  
  94  11:49  Nexus  
  94  11:50  Probe  
  95  11:54  Robotics Facility  
  95  12:00  Adept x5  
  105  12:06  Adept  
  107  12:10  Probe x2  
  109  12:18  Disruptor (Chrono Boost)  
  112  12:23  Adept x2  
  112  12:25  Adept  
  115  12:37  Adept x2  
  111  12:45  Adept  
  111  12:46  Adept x3  
  89  12:51  Adept  
  67  13:04  Adept  
  53  13:10  Adept x3  
Show
View Real Time Build Order
Export as new Build Order

Neeblet Protoss - Winner!

Build Orders:  

Get SALT Encoding   

  12  0:00  Probe  
  13  0:13  Probe  
  14  0:18  Pylon  
  14  0:25  Probe (Chrono Boost)  
  15  0:37  Probe (Chrono Boost), Gateway  
  16  0:44  Probe (Chrono Boost)  
  16  0:47  Assimilator  
  17  0:51  Probe  
  17  0:54  Assimilator  
  18  1:03  Probe (Chrono Boost)  
  19  1:12  Gateway  
  19  1:13  Probe (Chrono Boost)  
  20  1:18  Probe (Chrono Boost)  
  20  1:25  Cybernetics Core  
  21  1:29  Probe  
  22  1:34  Pylon  
  22  1:42  Probe  
  23  2:02  Adept x2  
  23  2:03  Robotics Facility  
  23  2:04  Warp Gate  
  27  2:11  Pylon  
  27  2:32  Stalker x2  
  31  2:41  Probe  
  31  2:47  Immortal (Chrono Boost)  
  35  2:56  Shield Battery  
  35  3:17  Warp Prism (Chrono Boost)  
  35  3:21  Pylon  
  35  3:30  Gateway  
  37  3:59  Sentry x2  
  37  4:02  Probe  
  35  4:12  Pylon  
  35  4:16  Twilight Council  
  35  4:24  Adept, Sentry  
  39  4:38  Sentry  
  41  4:47  Blink (Chrono Boost)  
  41  4:48  Pylon  
  41  4:55  Probe  
  41  4:59  Stalker  
  44  5:06  Pylon  
  44  5:07  Stalker  
  44  5:08  Probe  
  47  5:18  Stalker  
  47  5:20  Probe  
  50  5:32  Probe  
  50  5:33  Stalker  
  53  5:39  Pylon  
  53  5:40  Stalker  
  55  6:00  Nexus  
  55  6:07  Stalker  
  57  6:25  Nexus  
  57  6:35  Stalker  
  59  6:41  Probe  
  60  6:54  Stalker x2  
  62  6:57  Probe  
  65  7:05  Charge (Chrono Boost)  
  65  7:12  Pylon  
  67  7:18  Probe x2  
  67  7:27  Gateway  
  67  7:28  Gateway  
  67  7:33  Stalker  
  68  7:38  Probe  
  68  7:42  Probe  
  67  7:45  Probe  
  68  7:51  Probe  
  68  7:54  Gateway  
  68  7:56  Probe  
  68  7:58  Probe  
  69  8:09  Gateway  
  65  8:14  Zealot x3  
  65  8:16  Probe x3  
  74  8:24  Zealot x2  
  78  8:34  Pylon  
  78  8:35  Zealot x3  
  84  8:44  Zealot x2  
  66  9:09  Probe  
  61  9:10  Zealot x7  
  61  9:15  Forge, Probe  
  61  9:16  Probe  
  77  9:21  Probe  
  78  9:27  Probe  
  80  9:31  Probe  
  80  9:34  Probe  
  80  9:36  Zealot x5  
  91  9:51  Zealot x2  
  93  10:04  Probe  
  93  10:05  Zealot x5  
  102  10:13  Probe  
  93  10:14  Protoss Ground Weapons Level 1 (Chrono Boost)  
  93  10:19  Assimilator  
  93  10:23  Probe  
  93  10:26  Zealot x4  
  93  10:27  Robotics Facility  
  102  10:29  Gateway  
  102  10:31  Pylon  
  102  10:32  Photon Cannon  
  102  10:36  Photon Cannon  
  102  10:43  Templar Archives  
  102  10:45  Zealot  
  102  10:46  Pylon  
  104  10:54  Zealot x2  
  104  10:55  Zealot  
  110  11:00  Zealot x2  
  110  11:03  Pylon  
  114  11:06  Zealot  
  114  11:25  Zealot x2  
  114  11:26  Zealot x5  
  114  11:31  Zealot  
  130  11:36  Pylon  
  130  11:41  High Templar x2  
  130  11:42  High Templar x2  
  130  11:44  Zealot  
  140  11:47  Archon x2  
  140  11:52  Photon Cannon  
  140  11:53  Pylon  
  140  11:54  Observer  
  141  11:56  Zealot x3  
  147  12:05  Pylon  
  147  12:08  Assimilator  
  147  12:09  Pylon, Assimilator  
  147  12:10  Probe, Assimilator  
  147  12:11  Probe  
  147  12:13  Probe  
  150  12:22  Probe  
  151  12:23  Probe  
  151  12:25  Probe  
  153  12:34  Probe  
  144  12:37  Stargate  
  144  12:38  Stargate  
  132  12:45  Zealot x5  
  132  12:47  Zealot  
  117  12:51  Zealot x2  
  117  12:57  Probe x2  
Tags
 
Add a new tag
Caveats
  • Supply blocks, unpowered buildings, or Contaminate may cause inaccurate times.
  • Supply counts are checked every 10 seconds.